AoeStats
← Dani

Arena

509174363Analyzed
1v1 RM · 6d ago on Sep 25, 2026· 36m 17s· 2 players
Game mode
Random Map
Map size
Tiny (2 player)
Population
200
Speed
Normal
Resources
Standard
Victory
Conquest
Starting age
Dark Age
Ending age
Imperial Age
RankedLock teamsTeams togetherTeam positionsShared explorationLock speedFull tech treeHidden civsTurbo modeCheats
Victory
Defeat
🇩🇪 Persians · Germany
1352
+16
🇩🇪 Bohemians · Germany
1342
-16
²³
10:14 Feudal Age
14:31 Castle Age
12:37 Double-Bit Axe
12:56 Horse Collar
14:20 Wheelbarrow
13:38 Loom
14:04 Town Watch
15:55 Fervor
16:34 Bow Saw
16:36 Heavy Plow
23:20 Chemistry
28:11 Imperial Age
26:20 Ballistics
25:54 Fletching
26:12 Padded Archer Armor
26:34 Bodkin Arrow
28:02 Leather Archer Armor
28:08 Hand Cart
28:37 Scale Mail Armor
28:02 Pikeman
29:43 Squires
30:20 Chain Mail Armor
30:26 Siege Engineers
31:54 Forging
32:01 Halberdier
32:51 Arson
34:11 Ring Archer Armor
33:37 Elite Skirmisher
35:33 Hussite Reforms
35:49 Conscription
35:41 Murder Holes
36:25 Bracer
37:00 Iron Casting
Dani
9:57 Feudal Age
8:39 Loom
13:53 Castle Age
12:34 Double-Bit Axe
12:45 Horse Collar
14:29 Bow Saw
19:33 Town Watch
21:24 Wheelbarrow
22:15 Heavy Plow
22:37 Gold Mining
22:34 Loom
24:41 Hand Cart
28:53 Imperial Age
26:27 Fletching
27:13 Scale Barding Armor
27:55 Gold Shaft Mining
27:45 Bodkin Arrow
27:57 Stone Mining
29:38 Forging
30:23 Chain Barding Armor
30:26 Ballistics
30:07 Cavalier
30:48 Husbandry
30:58 Bloodlines
30:15 Crossbowman
31:49 Iron Casting
31:15 Padded Archer Armor
32:33 Two-Man Saw
31:57 Bloodlines
32:07 Kamandaran
32:54 Conscription
34:05 Chemistry
33:43 Plate Barding Armor
35:02 Thumb Ring
35:48 Capped Ram
Connection lost

Rejoining the realm…

Still unreachable

The connection could not be restored.

Session expired

The server has moved on; the page needs a fresh start.